 Dungeon Crawl Stone Soup version 0.22-a0-268-g1cc83ef (webtiles) character file.

431 RoseArtemis the Chopper (level 6, -9/56 HPs)
             Began as a Minotaur Fighter on Mar 9, 2018.
             Was an Initiate of Trog.
             Killed from afar by Anon1729's ghost (15 damage)
             ... with a flame tongue
             ... on level 5 of the Dungeon.
             The game lasted 00:07:59 (3390 turns).

RoseArtemis the Chopper (Minotaur Fighter)          Turns: 3390, Time: 00:08:00

Health: -9/56      AC: 12    Str: 22    XL:     6   Next: 67%
Magic:  5/5        EV:  4    Int: 11    God:    Trog [......]
Gold:   196        SH:  9    Dex:  9    Spells: 5/5 levels left

rFire    . . .     SeeInvis .   a - +0 war axe
rCold    . . .     Gourm    .   c - +0 shield
rNeg     . . .     Faith    .   x - +0 plate armour
rPois    .         Spirit   .   (helmet restricted)
rElec    .         Reflect  .   (no cloak)
rCorr    .         Harm     .   (no gloves)
MR       .....                  (no boots)
Stlth    ..........             (no amulet)
HPRegen  0.18/turn              (no ring)
MPRegen  0.09/turn              (no ring)

@: brilliant
A: retaliatory headbutt, horns 2
a: Renounce Religion


You were on level 5 of the Dungeon.
You worshipped Trog.
Trog was noncommittal.
You were not hungry.

You visited 1 branch of the dungeon, and saw 5 of its levels.
You also visited: Sewer.

You collected 196 gold pieces.

Inventory:

Hand Weapons
 a - a +0 war axe (weapon)
Armour
 b - a +0 scale mail
 c - a +0 shield (worn)
 k - a +0 pair of gloves
 x - a +0 plate armour (worn)
Jewellery
 v - an uncursed amulet of regeneration {unknown}
 w - an uncursed amulet of the acrobat {unknown}
Wands
 u - a wand of random effects (20)
Scrolls
 j - a scroll of remove curse
 l - a scroll of enchant armour {unknown}
 n - 4 scrolls of teleportation
 p - a scroll of magic mapping
 q - a scroll of random uselessness {unknown}
 s - a scroll of blinking {unknown}
 t - a scroll of identify
Potions
 d - a potion of degeneration {unknown}
 e - a potion of flight {unknown}
 g - 2 potions of curing {unknown}
 h - a potion of magic {unknown}
 i - 4 potions of brilliance
 m - 2 potions of heal wounds {unknown}
 o - a potion of resistance {unknown}
 r - a potion of invisibility {unknown}
Comestibles
 f - 7 rations
 z - 5 chunks of flesh


   Skills:
 + Level 5.5 Fighting
 * Level 6.4 Axes
 + Level 5.4 Armour
 - Level 3.6 Shields


You had 5 spell levels left.
You didn't know any spells.

Dungeon Overview and Level Annotations

Branches:
Dungeon (5/15)
 Temple: D:4-7

Altars:
Ashenzari
Gozag
Hepliaklqana
Kikubaaqudgha
Trog
Xom
Yredelemnul

Annotations:
D:5 Anon1729's ghost, novice DsFE


Innate Abilities, Weirdness & Mutations

You reflexively headbutt those who attack you in melee.
You have a pair of horns on your head.


Message History

Anon1729's ghost is heavily damaged.
Anon1729's ghost wails, "You will never get the ORB!"
You block Anon1729's ghost's attack.
Your plate armour prevents you from hitting Anon1729's ghost.
Anon1729's ghost is heavily damaged.
You block Anon1729's ghost's attack.
Anon1729's ghost hits you but does no damage.
You hit Anon1729's ghost but do no damage.
Anon1729's ghost is heavily damaged.
Anon1729's ghost hits you but does no damage.
You closely miss Anon1729's ghost.
Anon1729's ghost is heavily damaged.
Anon1729's ghost casts a spell at you. The flame tongue hits you!
* * * LOW HITPOINT WARNING * * *
You miss Anon1729's ghost.
Anon1729's ghost is heavily damaged.
Anon1729's ghost casts a spell at you. The flame tongue hits you!
You die...

... #.. #.# #.. #.# #..
#.# ###). #<# .... #.#
#####.. #)#
.......#####)##########.
#W@......>.........
#######.##########. #.#
#.# #.# #.# ..# ##.


You could see Anon1729's ghost.

Vanquished Creatures
  A phantom (D:4)
  Purgy (Sewer)
  A crimson imp (D:4)
  A hound (D:3)
  An orc priest (D:4)
  A worker ant zombie (D:4)
  3 adders
  A howler monkey skeleton (D:4)
  An adder skeleton (D:4)
  4 worms
  2 dart slugs
  10 orcs
  6 giant cockroaches
  9 goblins
  8 hobgoblins
  2 jackals (D:3)
  6 quokkas
  4 ball pythons
  7 bats
  9 frilled lizards
  2 gnoll zombies (D:4)
  8 kobolds
  5 rats
93 creatures vanquished.

Notes
Turn   | Place    | Note
-------+----------+-------------------------------------------
     0 | D:1      | RoseArtemis the Minotaur Fighter began the quest for the Orb.
     0 | D:1      | Reached XP level 1. HP: 19/19 MP: 0/0
    62 | D:1      | Reached XP level 2. HP: 27/27 MP: 1/1
    88 | D:1      | Reached skill level 3 in Axes
   650 | D:2      | Reached XP level 3. HP: 33/33 MP: 2/2
  1466 | D:3      | Found a hazy altar of Hepliaklqana.
  1470 | D:3      | Reached skill level 4 in Axes
  1471 | D:3      | Found a shimmering altar of Xom.
  1471 | D:3      | Found a bloodstained altar of Trog.
  1473 | D:3      | Found a shattered altar of Ashenzari.
  1473 | D:3      | Found an opulent altar of Gozag.
  1473 | D:3      | Found an ancient bone altar of Kikubaaqudgha.
  1523 | D:3      | Reached XP level 4. HP: 38/41 MP: 3/3
  1804 | D:3      | Found a glowing drain.
  1809 | Sewer    | Entered a sewer
  1870 | Sewer    | Noticed Purgy
  1878 | Sewer    | Killed Purgy
  1878 | Sewer    | Reached skill level 5 in Axes
  1878 | Sewer    | Reached XP level 5. HP: 34/47 MP: 4/4
  2312 | D:4      | Found a bloodstained altar of Trog.
  2329 | D:4      | Reached skill level 5 in Fighting
  2457 | D:4      | Reached skill level 5 in Armour
  2460 | D:4      | Reached XP level 6. HP: 50/56 MP: 5/5
  2873 | D:4      | Reached skill level 6 in Axes
  2938 | D:4      | Found a basalt altar of Yredelemnul.
  3288 | D:4      | Became a worshipper of Trog the Wrathful
  3331 | D:5      | Entered Level 5 of the Dungeon
  3375 | D:5      | Noticed Anon1729's ghost (novice DsFE)
  3390 | D:5      | Killed from afar by Anon1729's ghost

Vault maps used:
D:1:      shiori_arrival_maze
D:3:      doesnt_xom_only_xom, portal_sewer_entry_e
D:4:      lemuel_zombie_altar_yredelemnul, lemuel_tele_altar
D:5:      basic_altar, first_ration
Sewer:    sewer_co_purgy_island

Skill      XL: |  1  2  3  4  5  6 |
---------------+-------------------+-----
Axes           | 3 4 5 6 |  6.4
Fighting       | 4 5 |  5.5
Armour         | 4 5 |  5.4
Shields        | |  3.6

Action                   |  1- 3 |  4- 6 || total
-------------------------+-------+-------++-------
Melee: War axe           |   130 |   122 ||   252
       Headbutt          |    15 |    24 ||    39
  Use: Potion            |       |     2 ||     2
       Scroll            |       |     5 ||     5
  Eat: Chunk             |     2 |     6 ||     8
Armor: Scale mail        |    53 |    34 ||    87
       Plate armour      |       |     9 ||     9
Dodge: Dodged            |    34 |    31 ||    65
Block: Shield            |    61 |    56 ||   117

Table legend:
 A = Spawn XP
 B = Non-spawn XP
 C = Spawn XP percentage of total XP
 D = Spawn monster count
 E = Non-spawn monster count
 F = Spawn count percentage of total count
 G = Total turns spent on level
                    A         B        C        D         E        F      G
               +---------+---------+-------+---------+---------+-------+---------
         Total |       0 |     617 |   0.0 |       0 |      93 |   0.0 |  3390
               +---------+---------+-------+---------+---------+-------+---------
           D:1 |       0 |      40 |   0.0 |       0 |      24 |   0.0 |   647
           D:2 |       0 |      41 |   0.0 |       0 |      20 |   0.0 |   799
           D:3 |       0 |      90 |   0.0 |       0 |      19 |   0.0 |   433
           D:4 |       0 |     296 |   0.0 |       0 |      19 |   0.0 |  1100
           D:5 |       0 |       7 |   0.0 |       0 |       3 |   0.0 |    59
         Sewer |       0 |     143 |   0.0 |       0 |       8 |   0.0 |   352
               +---------+---------+-------+---------+---------+-------+---------
